Cogmind - Beta 15 @@@ ROGUE MODE // 2025.08.31 @ 11:59:39 Player: shapeshifter Result: Destroyed by Autobeam Turret with Autobeam Performance ------------- Evolutions (0) 0 Regions Visited (3) 600 Robots Destroyed (19) 95 Value Destroyed (350) 350 Prototype IDs (0) 0 Alien Tech Used (0) 0 Bonus (0) 0 TOTAL SCORE: 1045 Bonus ------- None Cogmind --------- Core Integrity 0/250 Matter 204/300 Energy 93/100 System Corruption 0% Temperature Cool (6) Movement Core (400) Ox7 Location -10/Subcaves Parts ------- > --- POWER (1) -------- (None) > --- PROPULSION (2) --- (None) > --- UTILITY (2) ------ Large Storage Unit > --- WEAPON (2) ------- Subdweller Machine Gun > --- INVENTORY (15) --- Light Treads Large Storage Unit Subdweller Optics Scrap Shield Medium Laser Light Assault Rifle Peak State ------------ > --- POWER ------------ Light Nuclear Core > --- PROPULSION ------- Light Treads Light Treads > --- UTILITY ---------- Small Storage Unit Seismic Detector > --- WEAPON ----------- Small Laser Assault Rifle > --- INVENTORY -------- Ion Engine Light Ion Engine Wheel Compact Wheel Grenade Launcher [Rating: 9] Favorites ----------- Power Light Nuclear Core Engine Ion Engine Power Core Light Nuclear Core Propulsion Light Treads Treads Light Treads Wheel Compact Wheel Utility Seismic Detector Device Seismic Detector Storage Large Storage Unit Weapon Assault Rifle Energy Gun Small Laser Ballistic Gun Assault Rifle Launcher Grenade Launcher Build | -11 -10 -10 -10 ------- Run | Yrd Mat Min Sub Slots Evolved . | . . . . Power . | . . . . Propulsion . | . . . . Utility . | . . . . Weapon . | . . . . Parts Attached 17 | 7 3 2 5 Power 3 | 1 1 . 1 Engine 2 | 1 . . 1 Core 1 | . 1 . . Reactor . | . . . . Propulsion 4 | 2 . 2 . Treads 2 | 2 . . . Leg . | . . . . Wheel 2 | . . 2 . Hover . | . . . . Flight . | . . . . Utility 3 | 2 1 . . Device 1 | 1 . . . Storage 2 | 1 1 . . Processor . | . . . . Hackware . | . . . . Protection . | . . . . Artifact . | . . . . Weapon 7 | 2 1 . 4 Energy Gun 2 | 1 1 . . Energy Cannon . | . . . . Ballistic Gun 4 | 1 . . 3 Ballistic Cannon . | . . . . Launcher 1 | . . . 1 Special Weapon . | . . . . Impact Weapon . | . . . . Slashing Weapon . | . . . . Piercing Weapon . | . . . . Special Melee Weapon . | . . . . Unidentified Prototypes . | . . . . Parts Lost 10 | . . 1 9 Power 2 | . . . 2 Propulsion 3 | . . 1 2 Utility 1 | . . . 1 Weapon 4 | . . . 4 Highest Loss Streak 4 | . . 1 4 To Critical Strikes . | . . . . Average Backups 5 | 2 4 6 6 Power . | . 1 1 . Propulsion 1 | 1 2 2 1 Utility . | . . 1 2 Weapon 1 | . . 2 2 Tool/Special . | . . . . Unused Backups 4 | . . . 4 Power . | . . . . Propulsion . | . . . . Utility 3 | . . . 3 Weapon 1 | . . . 1 Tool/Special . | . . . . Average Slot Usage (%) 92 | . 100 87 80 Engine 4 | . 9 . . Core 8 | . 4 14 4 Treads 20 | . 28 16 . Wheel 3 | . . . 26 Device 13 | . 14 14 8 Storage 14 | . 14 14 14 Energy Gun 12 | . 14 14 2 Ballistic Gun 14 | . 14 14 21 Peak Build Rating 9 | 7 9 9 9 Average Rating 7 | 4 7 8 6 On Entrance 6 | . 7 9 9 Naked Turns . | . . . . Heaviest Build 30 | 14 30 30 30 Greatest Support 40 | 40 40 40 26 Greatest Overweight (x) 1 | . . 1 1 Average Overweight (x) . | . . . . Largest Inventory Capacity 15 | 8 15 15 15 Average Capacity 11 | 6 8 15 15 Most Carried 8 | 5 6 7 8 Average Carried 5 | 2 4 6 6 Final Capacity 15 | 8 15 15 15 Final Carried 7 | 3 5 6 7 Class Distribution -------------------- 100% | Mutant Dominant Class ---------------- Mutant | -10/Materials Mutant | -10/Mines Mutant | -10/Subcaves Resources | -11 -10 -10 -10 ----------- Run | Yrd Mat Min Sub Matter Collected 480 | 279 108 36 57 Remotely . | . . . . Salvage Created 461 | 23 218 135 85 Parts 40 | 1 12 18 9 Haulers Intercepted . | . . . . Recyclers Shooed 1 | 1 . . . Parts Field Recycled . | . . . . Retrieved Matter . | . . . . Parts Self-Destructed 6 | . . . 6 Prevented . | . . . . Kills | -11 -10 -10 -10 ------- Run | Yrd Mat Min Sub Combat Hostiles Destroyed 18 | . 5 8 5 Guns 18 | . 5 8 5 Classes Destroyed 4 | 1 1 1 1 Tunneler 1 | 1 . . . Swarmer 12 | . . 8 4 Grunt 5 | . 5 . . Subdweller 1 | . . . 1 Best Kill Streak 4 | 1 2 3 4 Combat Bots Only 4 | . 2 3 4 Max Kills in Single Turn 1 | 1 1 1 1 Gunslinging . | . . . . Exploded . | . . . . Melee . | . . . . Uniques/NPCs Destroyed . | . . . . Combat | -11 -10 -10 -10 -------- Run | Yrd Mat Min Sub Hostile Shots Fired 169 | . 34 34 101 Missed 56 | . 11 9 36 Hits 113 | . 23 25 65 Projectile 113 | . 23 25 65 Damage Taken 1105 | . 266 211 628 Core 253 | . 54 40 159 Absorbed by Shields . | . . . . Core Remaining (%) 100 | 100 . . . Volleys Fired 77 | 5 25 12 35 Largest 2 | 2 2 2 2 Hottest 60 | 60 60 60 40 Shots Fired 135 | 10 49 24 52 Gun 129 | 10 49 24 46 Cannon . | . . . . Launcher 6 | . . . 6 Special . | . . . . Kinetic 88 | 5 25 12 46 Thermal 29 | 5 24 . . Explosive 6 | . . . 6 Electromagnetic 12 | . . 12 . Robot Hit Streak 10 | 2 6 4 10 Robot Miss Streak 5 | 1 2 4 5 Penetration Max . | . . . . Secondary Targets 1 | . . 1 . Max Gunslinging Chain 1 | . . 1 . Shots Hit Robots 79 | 5 32 13 29 Core Hits 35 | 2 11 8 14 Critical Kills . | . . . . Critical Parts Destroyed . | . . . . Critical Strikes . | . . . . Melee Attacks . | . . . . Impact . | . . . . Slashing . | . . . . Piercing . | . . . . Sneak Attacks . | . . . . Combat Hostiles . | . . . . Follow-up Attacks . | . . . . Damage Inflicted 990 | 62 368 153 407 Guns 821 | 62 368 153 238 Cannons . | . . . . Explosions 169 | . . . 169 Melee . | . . . . Ramming . | . . . . Kinetic 569 | 42 202 87 238 Thermal 186 | 20 166 . . Explosive 169 | . . . 169 Electromagnetic 66 | . . 66 . Impact . | . . . . Slashing . | . . . . Piercing . | . . . . Highest Corruption . | . . . . Average Corruption . | . . . . Corruption Purged . | . . . . Corruption Blocked . | . . . . Overload Shots . | . . . . Overflow Damage . | . . . . Projectiles . | . . . . Explosions . | . . . . Melee . | . . . . Knockbacks . | . . . . Impact . | . . . . Kinetic . | . . . . Secondary . | . . . . Self-Inflicted Damage . | . . . . Shots . | . . . . Rammed . | . . . . Targets Rammed . | . . . . Kicked . | . . . . Crushed . | . . . . Highest Temperature 66 | . 66 30 . Average Temperature 20 | . 25 10 . Received Heat Transfer 357 | . 147 . 210 Siege Activations . | . . . . Martial Activations . | . . . . Shielding Activations . | . . . . Robots Disrupted . | . . . . Combat Hostiles . | . . . . Robots Corrupted . | . . . . Combat Hostiles . | . . . . Parts Fried . | . . . . Impact Corruptions . | . . . . Robots Melted . | . . . . Combat Hostiles . | . . . . Parts Melted 1 | . 1 . . Heat Transferred 425 | 50 375 . . Parts Sabotaged . | . . . . Parts Stolen . | . . . . Parts Stripped . | . . . . Power Chain Reactions . | . . . . Alert | -11 -10 -10 -10 ------- Run | Yrd Mat Min Sub Maximum Alert Level . | . . . . Low Security (%) 100 | 100 100 100 . Level 1 . | . . . . Level 2 . | . . . . Level 3 . | . . . . Level 4 . | . . . . Level 5 . | . . . . High Security . | . . . . Max Security . | . . . . Peak Influence 115 | 5 80 115 . Initial 15 | . . 15 . Average 28 | . 18 48 . Influence Increases 585 | 5 175 205 200 Destroy 0b10 Robot/C 340 | . 100 160 80 Destroy 0b10 Robot/NC 5 | 5 . . . Destroy Leader 60 | . 30 30 . Lose Combat Pursuer 180 | . 45 15 120 Influence Decreases 465 | 5 134 237 89 Entered New Map 31 | . . 26 5 Time Decay 370 | 5 134 201 30 Lost Part 64 | . . 10 54 Squads Dispatched 2 | . 2 . . Investigation 1 | . 1 . . Extermination . | . . . . Reinforcement 1 | . 1 . . Assault . | . . . . Garrison . | . . . . Intercept . | . . . . Searches Triggered . | . . . . Construction Impeded . | . . . . Haulers Reinforced . | . . . . Active Scanning Responses . | . . . . Cargo Convoy Interrupts . | . . . . Stealth | -11 -10 -10 -10 --------- Run | Yrd Mat Min Sub Distress Signals 1 | . 1 . . Communications Jammed . | . . . . Distress Signals . | . . . . Times Spotted 28 | . 8 9 11 Peak Tracking Total 4 | . 3 3 4 Tactical Retreats 6 | . 2 1 3 Traps | -11 -10 -10 -10 ------- Run | Yrd Mat Min Sub Traps Triggered 1 | . 1 . . Indirectly . | . . . . Trap Hack Attempts . | . . . . Triggered . | . . . . Disarmed . | . . . . Reprogrammed . | . . . . Reused . | . . . . Traps Extracted . | . . . . Installed . | . . . . Triggered . | . . . . Machines | -11 -10 -10 -10 ---------- Run | Yrd Mat Min Sub Machines Disabled 3 | . . . 3 Max in Single Turn 2 | . . . 2 Machines Repaired . | . . . . Machines Dismantled . | . . . . Machines Sabotaged . | . . . . Overloaded Fab Kills . | . . . . Hacking | -11 -10 -10 -10 --------- Run | Yrd Mat Min Sub Machines Accessed . | . . . . Terminals . | . . . . Fabricators . | . . . . Repair Stations . | . . . . Recycling Units . | . . . . Scanalyzers . | . . . . Garrison Access . | . . . . Total Hacks . | . . . . Successful . | . . . . Failed . | . . . . Catastrophic . | . . . . Database Lockouts . | . . . . Manual . | . . . . Terminals . | . . . . Fabricators . | . . . . Repair Stations . | . . . . Recycling Units . | . . . . Scanalyzers . | . . . . Garrison Access . | . . . . Terminal Hacks . | . . . . Fabricator Hacks . | . . . . Repair Station Hacks . | . . . . Recycling Unit Hacks . | . . . . Scanalyzer . | . . . . Garrison Access Hacks . | . . . . Unauthorized Hacks . | . . . . Terminals . | . . . . Fabricators . | . . . . Repair Stations . | . . . . Recycling Units . | . . . . Scanalyzers . | . . . . Garrison Access . | . . . . Data Cores Recovered . | . . . . Used . | . . . . Hacking Detections . | . . . . Full Trace Events . | . . . . Feedback Events . | . . . . Feedback Blocked . | . . . . Robot Schematics Acquired . | . . . . Robots Built . | . . . . Authchips . | . . . . Time . | . . . . Total Robot Build Rating . | . . . . Part Schematics Acquired . | . . . . Parts Built . | . . . . Authchips . | . . . . Time . | . . . . Total Part Build Rating . | . . . . Parts Repaired . | . . . . Time . | . . . . Parts Recycled . | . . . . Recycled Matter . | . . . . Retrieved Matter . | . . . . Retrieved Components . | . . . . Parts Scanalyzed . | . . . . Part Schematics Acquired . | . . . . Parts Damaged . | . . . . Bothacking | -11 -10 -10 -10 ------------ Run | Yrd Mat Min Sub Used RIF Installer . | . . . . Robots Hacked . | . . . . Non-combat . | . . . . Combat . | . . . . Robot Hacks Applied . | . . . . Relay Couplers Released . | . . . . Fabnet Peak Effective % . | . . . . Robots Rewired . | . . . . Allies Hacked . | . . . . Hacks Repelled . | . . . . Allies | -11 -10 -10 -10 -------- Run | Yrd Mat Min Sub Total Allies . | . . . . Largest Group . | . . . . Highest-Rated Group . | . . . . Highest-Rated Ally . | . . . . Total Orders . | . . . . Ally Attacks . | . . . . Total Damage . | . . . . Kills . | . . . . Allies Corrupted . | . . . . Allies Melted . | . . . . Intel | -11 -10 -10 -10 ------- Run | Yrd Mat Min Sub Active Infowar (turns) 1059 | 3 549 434 73 Seismic 1059 | 3 549 434 73 Robot Analysis Total . | . . . . Derelict Logs Recovered . | . . . . Drone Launches . | . . . . Drone Recoveries . | . . . . Exploration | -11 -10 -10 -10 ------------- Run | Yrd Mat Min Sub Turns Passed 1233 | 125 549 434 125 Spaces Moved 424 | 70 143 173 38 Core 17 | 17 . . . Treads 368 | 53 143 172 . Legs . | . . . . Wheels 39 | . . 1 38 Hover . | . . . . Flight . | . . . . Fastest Speed 50 | 50 160 105 90 Average Speed 176 | 133 160 224 95 Slowest Speed 240 | 160 160 240 105 Overloaded Moves . | . . . . Propulsion Burnouts . | . . . . Robots Hopped . | . . . . Potential Cave-ins . | . . . . Cave-ins Triggered . | . . . . Exploration Rate (%) 21 | 6 26 50 2 Regions Visited 3 Branch Regions 2 Pre-discovered Areas . | . . . . Known Exits Taken . | . . . . Unknown Exits Taken 3 | 1 1 1 . Scrap Searched 1 | . . 1 . Spaces Dug . | . . . . Terrain Destroyed 9 | . . . 9 Melee . | . . . . Projectile . | . . . . AOE 9 | . . . 9 Terrain Rammed . | . . . . Walls Destroyed . | . . . . Machines Disabled . | . . . . Actions | -11 -10 -10 -10 --------- Run | Yrd Mat Min Sub Total 784 | 93 415 193 83 Wait 243 | . 237 5 1 Move 421 | 69 142 172 38 Hop . | . . . . Pick Up 22 | 11 5 2 4 Fast Attach . | . . . . Attach 13 | 7 1 1 4 Detach . | . . . . Swap 4 | . 2 1 1 Drop 4 | 1 3 . . Fire 77 | 5 25 12 35 Melee . | . . . . Ram . | . . . . Kick . | . . . . Crush . | . . . . Escape Stasis . | . . . . Rewire . | . . . . Trap . | . . . . Miscellaneous . | . . . . Route ------- -11/Scrapyard -10/Materials -10/Mines -10/Subcaves (discovered 1 exit: [*Rec]) History --------- Turn | Location | Event 7 | -11/Scrapyard | Discovered new exit (range 15) 126 | -11/Scrapyard | Entered Materials 315 | -10/Materials | Build established: Mutant 666 | -10/Materials | Discovered new exit (range 7) 675 | -10/Materials | Entered Mines 1025 | -10/Mines | Discovered new exit (range 6) 1109 | -10/Mines | Entered Subcaves 1110 | -10/Subcaves | Approached by a straggling Scientist 1122 | -10/Subcaves | Ambushed by Subdweller buried in earth 1139 | -10/Subcaves | Core integrity fell below 50% 1179 | -10/Subcaves | Lost 4 parts (2p2w) 1205 | -10/Subcaves | Discovered new exit (range 8) 1225 | -10/Subcaves | Core integrity fell below 20% 1234 | -10/Subcaves | Destroyed by Autobeam Turret with Autobeam Last Messages --------------- 01205_ Acquired 10 matter. 01205_ EXIT=FOUND 01205_ S-10 Pest springs to life. 01210_ S-10 Pest destroyed. 8Y-3EM(c): "I think it's somewhere southeast of here" 01212_ Lgt. Assault Rifle fries itself beyond repair. 01213_ S-10 Pest destroyed. 01214_ Lgt. Ion Engine fries itself beyond repair. 01215_ Acquired 17 matter. 01218_ Flight Unit fries itself beyond repair. 01218_ Lgt. Ion Engine fries itself beyond repair. 01219_ Machine disabled. 01226_ Wheel destroyed. 01230_ Com. Wheel destroyed. 01230_ Lgt. Assault Rifle destroyed. 01230_ Grenade Launcher destroyed. Map ----- +----------------------------------------------------+ | ?????????????????????????????????????????????????? | | ?????????????????????????????????????????????????? | | ?????????????????????????????????????????????????? | | ?????????????????????????????????????????????????? | | ?????????????????????????????????????????????????? | | ?????????????????????????????????????????????????? | | ??????????????####???????????????????????????????? | | ?????????????## #???????????????????????????????? | | ????????????## ###??????????????????????????????? | | ?????????#### # ##?????????????????????????????? | | ????????## #?????????????????????????????? | | ????????# ## ##????????????????????????????? | | ????????# #### # ##???????????????????????????? | | ????????## ##??#### ####????????????????????????? | | ?????????###???????## #????????????????????????? | | ????????????????????## !#????????????????????????? | | ?????????????????????## #????????????????????????? | | ?????????????????????# ##????????????????????????? | | ?????????????????????# #?????????????????????????? | | ????????????????????## #?????????????????????????? | | ????????????????????#c##?????#####???????????????? | | ????????????????????# ##???? """#???????????????? | | ????????????????????## ##?? "##??????????????? | | ?????????????????????## ### #??????????????? | | ??????????????????????## # t #??????????????? | | ??????????????????????# %@ <#??????????????? | | ?????????????????????# t #??????????????? | | ????????????????????# ##### #??????????????? | | ????????????????????# ????? #?????????????? | | ????????????????????#??????? ##?????????????? | | ????????????????????????????? ### #??????????????? | | ??????????????????????????????#??? #?????????????? | | ?????????????????????????????????????????????????? | | ?????????????????????????????????????????????????? | | ?????????????????????????????????????????????????? | | ?????????????????????????????????????????????????? | | ?????????????????????????????????????????????????? | | ?????????????????????????????????????????????????? | | ?????????????????????????????????????????????????? | | ?????????????????????????????????????????????????? | | ?????????????????????????????????????????????????? | | ?????????????????????????????????????????????????? | | ?????????????????????????????????????????????????? | | ?????????????????????????????????????????????????? | | ?????????????????????????????????????????????????? | | ?????????????????????????????????????????????????? | | ?????????????????????????????????????????????????? | | ?????????????????????????????????????????????????? | | ?????????????????????????????????????????????????? | | ?????????????????????????????????????????????????? | +----------------------------------------------------+ Best States ------------- Heat Dissipation 25 Energy Generation 14 Energy Capacity 250 Matter Stores 300 Matter Capacity 300 Sight Range 16 Terrain Scan Density 10 Evasion (%) 50 Recoil Reduction 2 Item Schematics ----------------- None Robot Schematics ------------------ None Fabricated ------------ Nothing Repaired ---------- Nothing Alien Tech Used ----------------- None Achievements -------------- None Challenges ------------ None Game ------ Seed SurveybotShieldDesublimator Manual? 0 Play Time 00:05:57 Cumulative 236.6 hours Start 2025.08.31 @ 11:54:40 End 2025.08.31 @ 11:59:39 Sessions 1 Manual Loads 0 Difficulty Rogue Special Mode None Game No. 352 Rogue 352 Adventurer 0 Explorer 0 Win Type - Total 4 Types 3/0/1/0/0/0/0/0/0/0 Lore% 81 Gallery% 76 Achievement% 58 Wizard Run 0 Options --------- Layout 1 ASCII 0 Keyboard 0 Movement Mouse Keybinds 0 Fullscreen 1 Font 32/SmallcapsGlow Map View 50x35 Zoom Use 0% Tactical HUD 1 Map Filters NONE Filters NONE Steam 1 RUN: 11642ac6-57a8-4e43-aaa1-fd126e49a78d